Map: Void Thrashing

Players

GiantAndre

  • Race: Terran Terran
  • Spawn Location: 9:00

Smileblind

  • Race: Protoss Protoss
  • League: Silver
  • Spawn Location: 6:00

VOD

Have the link to the VOD?

Description

Time

  • Played on: Feb. 10, 2019, 12:38 a.m.
  • Length: 16:50
Show
View Real Time Build Order
Export as new Build Order

GiantAndre Terran 

Build Orders:  

Get SALT Encoding   

  12  0:04  SCV  
  13  0:21  SCV  
  13  0:28  Refinery  
  14  0:38  SCV  
  15  0:46  Refinery  
  15  0:55  SCV  
  16  1:12  SCV  
  17  1:20  Barracks  
  17  1:29  SCV  
  18  1:43  Caduceus Reactor  
  18  1:46  SCV  
  19  2:03  SCV  
  15  2:20  SCV  
  20  2:25  Barracks Tech Lab  
  20  2:28  Ghost Visor  
  21  2:33  Engineering Bay  
  21  2:36  SCV  
  22  3:11  Super Stimpack  
  22  3:17  Elite Marine  
  26  3:33  SCV  
  27  3:44  Factory  
  27  3:50  Refinery  
  27  4:14  SCV  
  28  4:25  Laser Targeting System  
  28  4:27  Engineering Bay  
  28  4:31  SCV  
  29  4:47  Refinery  
  29  4:49  Command Center  
  29  5:17  Factory Tech Lab  
  29  5:18  Terran Infantry Weapons Level 1, Starport  
  29  5:24  SCV  
  30  6:11  Starport Tech Lab  
  30  6:22  Hellbat Rangers  
  34  6:35  SCV  
  34  6:36  SCV  
  36  6:52  SCV  
  36  6:53  SCV  
  38  7:06  Raven Type-II  
  40  7:17  Covert Triage  
  40  7:25  Armory  
  40  7:35  Elite Marine  
  44  7:43  Infernal Pre-Igniter  
  44  7:47  Suppression Shells  
  44  8:11  Terran Infantry Armor Level 1  
  44  8:19  SCV  
  45  8:20  SCV  
  46  8:33  Armory  
  46  8:36  SCV, Jump Jet Assault  
  46  8:37  SCV  
  48  8:53  SCV  
  48  8:54  SCV  
  50  9:13  Hellbat Rangers  
  50  9:14  Hellbat Rangers  
  50  9:19  Defensive Drone  
  58  9:28  Defensive Drone  
  58  9:49  Defensive Drone  
  58  10:12  Hellbat Rangers  
  62  10:36  Tactical Airlift  
  64  10:47  Terran Infantry Weapons Level 2  
  64  10:48  Terran Vehicle and Ship Weapons Level 1  
  64  10:49  Terran Vehicle And Ship Armor Level 1  
  62  10:50  Enhanced Manufacturing  
  62  10:53  Ares-Class Targeting System  
  62  10:56  Suppression Shells  
  62  10:59  Terran Infantry Armor Level 2  
  62  11:02  SCV x2  
  64  11:15  Raven Type-II  
  64  11:18  SCV  
  67  11:23  Lockdown Missiles  
  67  11:36  Strike Goliath  
  73  12:12  Strike Goliath  
  79  12:29  Defensive Drone  
  79  12:31  Defensive Drone  
  79  12:34  Defensive Drone  
  79  13:00  Griffin Airstrike  
  79  13:46  Defensive Drone  
  79  13:48  Defensive Drone  
  79  14:11  Graduating Range  
  79  14:44  Griffin Airstrike  
  79  14:56  Spider Mines  
  79  14:57  Elite Marine  
  83  15:29  Defensive Drone  
  83  15:31  Defensive Drone  
  83  15:40  Heavy Siege Tank  
  87  15:50  Defensive Drone  
  87  16:09  Raven Type-II  
Show
View Real Time Build Order
Export as new Build Order

Smileblind Protoss 

Build Orders:  

Get SALT Encoding   

  12  0:03  Probe (Chrono Boost)  
  13  0:24  Pylon  
  13  0:26  Probe (Chrono Boost)  
  14  0:40  Probe (Chrono Boost)  
  15  0:55  Gateway  
  15  0:57  Probe (Chrono Boost)  
  16  1:11  Probe (Chrono Boost)  
  17  1:25  Probe (Chrono Boost)  
  17  1:29  Gateway  
  18  1:39  Probe (Chrono Boost)  
  19  1:49  Pylon  
  19  1:53  Probe (Chrono Boost)  
  20  2:07  Probe (Chrono Boost)  
  21  2:11  Assimilator  
  21  2:17  Assimilator  
  21  2:20  Probe (Chrono Boost)  
  21  2:27  Pylon  
  22  2:34  Probe (Chrono Boost)  
  22  2:36  Zealot  
  25  2:43  Zealot  
  25  2:48  Probe (Chrono Boost)  
  28  3:01  Zealot  
  28  3:02  Probe (Chrono Boost)  
  31  3:10  Zealot  
  31  3:16  Probe (Chrono Boost)  
  34  3:21  Pylon  
  34  3:32  Cybernetics Core  
  34  3:57  Zealot x2  
  36  4:40  Dragoon  
  36  4:57  Zealot  
  36  5:47  Dragoon  
  38  6:01  Probe (Chrono Boost)  
  38  6:09  Twilight Council  
  39  6:10  Stargate  
  39  6:15  Probe (Chrono Boost)  
  40  6:31  Nexus  
  40  6:35  Assimilator  
  40  6:42  Zealot x2  
  44  7:01  Pylon  
  44  7:05  Pylon  
  44  7:10  Pylon  
  44  7:16  Assimilator  
  44  7:29  Stargate  
  44  7:33  Dragoon x2  
  48  7:53  Probe (Chrono Boost)  
  48  7:59  Forge  
  49  8:04  Pylon  
  49  8:07  Probe (Chrono Boost)  
  50  8:14  Probe (Chrono Boost)  
  50  8:16  Fleet Beacon  
  51  8:21  Probe (Chrono Boost)  
  51  8:28  Pylon, Probe (Chrono Boost)  
  53  8:35  Probe (Chrono Boost)  
  54  8:42  Probe (Chrono Boost)  
  54  8:49  Probe (Chrono Boost)  
  56  8:56  Probe (Chrono Boost)  
  56  8:57  Dragoon x3  
  63  9:03  Probe (Chrono Boost)  
  42  9:33  Zealot  
  44  9:44  Gateway  
  44  9:45  Gateway  
  44  9:46  Tempest  
  42  10:11  Probe (Chrono Boost)  
  43  10:21  Stargate  
  43  10:25  Probe (Chrono Boost), Zealot  
  46  10:34  Dragoon  
  46  10:38  Probe (Chrono Boost)  
  49  10:42  Tempest  
  53  10:52  Probe (Chrono Boost)  
  54  11:06  Probe (Chrono Boost)  
  54  11:07  Pylon  
  55  11:14  Phoenix  
  55  11:15  Phoenix  
  59  11:20  Probe (Chrono Boost)  
  60  11:34  Probe (Chrono Boost)  
  61  11:44  Tempest  
  61  11:48  Probe (Chrono Boost)  
  66  11:55  Tempest  
  68  12:57  Zealot  
  68  12:58  Zealot x4  
  68  12:59  Zealot x4  
  86  13:07  Tempest x2  
  94  13:55  Tempest x2  
  102  14:33  Templar Archives  
  102  14:35  Probe (Chrono Boost)  
  103  14:49  Probe (Chrono Boost)  
  104  14:54  Charge  
  104  15:03  Probe (Chrono Boost)  
  105  15:13  Gateway  
  105  15:15  Gateway  
  105  15:16  Probe (Chrono Boost)  
  105  15:18  Photon Cannon  
  105  15:19  Photon Cannon  
  106  15:22  Photon Cannon  
  98  15:30  Probe (Chrono Boost)  
  98  15:32  Photon Cannon  
  98  15:34  Photon Cannon  
  98  15:36  Photon Cannon  
  97  15:50  Zealot x3  
  97  15:51  Zealot x3  
  103  16:10  Photon Cannon  
Tags
 
Commander
ArtanisNova
League
Silver
Matchup
Co-op
Add a new tag
Caveats
  • Supply blocks, unpowered buildings, or Contaminate may cause inaccurate times.
  • Supply counts are checked every 10 seconds.